 Dungeon Crawl Stone Soup version 0.20.1-1-g8b1a95d (webtiles) character file.

338 nightchill the Covert (level 6, -1/35 HPs)
             Began as a Kobold Warper on Dec 22, 2017.
             Was an Initiate of Kikubaaqudgha.
             Killed from afar by an orc wizard (5 damage)
             ... with a magic dart
             ... on level 4 of the Dungeon.
             The game lasted 00:19:12 (5702 turns).

nightchill the Covert (Kobold Warper)               Turns: 5702, Time: 00:19:12

Health: -1/35      AC:  4    Str:  8    XL:     6   Next: 85%
Magic:  9/9        EV: 14    Int: 16    God:    Kikubaaqudgha [......]
Gold:   127        SH:  0    Dex: 15    Spells: 1/9 levels left

rFire    . . .     SeeInvis .   b - +2 dagger (vamp)
rCold    . . .     Gourm    .   (shield restricted)
rNeg     . . .     Faith    .   e - +0 leather armour
rPois    .         Spirit   .   (no helmet)
rElec    .         Reflect  .   x - +0 cloak
rCorr    .         Harm     .   (no gloves)
MR       .....                  (no boots)
Stlth    ++++......             (no amulet)
Regen    0.2/turn               (no ring)
MPRegen  0.2/turn               (no ring)

@: no status effects
A: carnivore 3
a: Renounce Religion


You were on level 4 of the Dungeon.
You worshipped Kikubaaqudgha.
Kikubaaqudgha was noncommittal.
You were not hungry.

You visited 1 branch of the dungeon, and saw 4 of its levels.

You collected 127 gold pieces.

Inventory:

Hand Weapons
 a - a +1 dagger of venom
 b - a +2 vampiric dagger (weapon)
 h - a +0 dagger
 j - a +0 short sword
 B - a +4 short sword
Missiles
 l - 39 stones (quivered)
Armour
 e - a +0 leather armour (worn)
 u - a cursed +0 shield
 x - a +0 cloak (worn)
Jewellery
 q - a +2 ring of protection {unknown}
 w - an uncursed amulet of the gourmand {unknown}
 C - a cursed amulet of inaccuracy {unknown}
Wands
 y - a wand of polymorph (6/24)
 A - a wand of random effects (33/48)
Scrolls
 d - a scroll of blinking
 g - a scroll of enchant armour {unknown}
 k - a scroll of identify {unknown}
 m - 3 scrolls of remove curse {unknown}
 o - 2 scrolls of amnesia {unknown}
 r - a scroll of fear {unknown}
 s - a scroll of teleportation {unknown}
 z - a scroll of magic mapping {unknown}
Potions
 p - a potion of agility
 t - a potion of haste {unknown}
 v - a potion of magic {unknown}
 D - a potion of lignification {unknown}
Books
 c - a book of Spatial Translocations

   Spells                             Type                      Level
   a - Blink                          Translocation                2
   b - Shroud of Golubria             Charms/Translocation         2
   c - Lesser Beckoning               Translocation                3
   d - Gell's Gravitas                Translocation                3
   e - Teleport Other                 Translocation                3
   f - Passage of Golubria            Translocation                4
 i - a book of Maledictions

   Spells                             Type                      Level
   a - Corona                         Hexes                        1
   b - Ensorcelled Hibernation        Hexes/Ice                    2
   c - Confuse                        Hexes                        3
   d - Tukima's Dance                 Hexes                        3
   e - Dazzling Spray                 Conjuration/Hexes            3
Comestibles
 f - a meat ration
 n - 2 royal jellies


   Skills:
 - Level 2.1 Fighting
 + Level 3.6 Short Blades
 - Level 1.1 Throwing
 - Level 0.7 Armour
 - Level 2.4 Dodging
 + Level 8.4 Stealth
 - Level 2.1 Spellcasting
 + Level 1.1 Hexes
 - Level 3.0 Translocations


You had one spell level left.
You knew the following spells:

 Your Spells              Type           Power        Failure   Level  Hunger
a - Blink                 Tloc           N/A          13%         2    ###....
b - Lesser Beckoning      Tloc           ##........   26%         3    ###....
c - Confuse               Hex            #.......     50%         3    ###....


Dungeon Overview and Level Annotations

Branches:
Dungeon (4/15)
 Temple: D:4-7

Altars:
Kikubaaqudgha


Innate Abilities, Weirdness & Mutations

You are small and have problems with some larger weapons.
You are carnivorous and can eat meat at any time.


Message History

The orc wizard is heavily wounded.
The orc wizard misses you.
A ball python comes into view.
You hit the orc wizard but do no damage.
The orc wizard is heavily wounded.
The orc wizard barely misses you.
You hit the orc wizard.
The orc wizard is almost dead.
The orc wizard closely misses you.
The orc wizard hits you but does no damage.
You hit the orc wizard.
The orc wizard is almost dead.
The orc wizard hits you with a dagger.
* * * LOW HITPOINT WARNING * * *
You miss the orc wizard.
The orc wizard is almost dead.
The orc wizard casts a spell at you. The magic dart hits you!
You die...
Kikubaaqudgha rasps: "You have failed me!
Welcome... death!"

#.# .. ###.##
...... ..S.
#..## #...#####
#
#..<.@oZ###.#..#
###.###oolh...#
#.# ####.......
#.# ....... ..#
#...... ...
...... ....
...... ...#
..... .....


You could see a howler monkey, an iguana, an orc wizard, 2 orcs, a ball python
and a hound skeleton.

Vanquished Creatures
  A vampire bat (D:3)
  Crazy Yiuf (D:2)
  Ijyb (D:3)
  Terence (D:3)
  3 gnolls (D:3)
  9 adders
  An ooze (D:2)
  4 worms
  A dart slug (D:1)
  2 leopard geckos (D:3)
  3 orcs
  A ball python (D:1)
  6 bats
  A bat skeleton (D:3)
  5 bat zombies (D:3)
  A giant cockroach (D:1)
  9 goblins
  12 hobgoblins
  11 jackals
  5 frilled lizards
  A kobold (D:1)
  7 rats
86 creatures vanquished.

Vanquished Creatures (others)
  A human (D:3)
1 creature vanquished.

Grand Total: 87 creatures vanquished

Notes
Turn   | Place    | Note
-------+----------+-------------------------------------------
     0 | D:1      | nightchill the Kobold Warper began the quest for the Orb.
     0 | D:1      | Reached XP level 1. HP: 12/12 MP: 3/3
    51 | D:1      | Reached skill level 1 in Stealth
   322 | D:1      | Reached skill level 2 in Stealth
   391 | D:1      | Reached XP level 2. HP: 16/17 MP: 5/5
   511 | D:1      | Reached skill level 3 in Stealth
   633 | D:1      | Reached XP level 3. HP: 21/21 MP: 6/6
   858 | D:2      | Reached skill level 4 in Stealth
  1226 | D:2      | Learned a level 2 spell: Blink
  1298 | D:2      | Learned a level 3 spell: Lesser Beckoning
  1449 | D:2      | Reached XP level 4. HP: 17/26 MP: 7/7
  1742 | D:2      | Reached skill level 5 in Stealth
  2425 | D:2      | Reached skill level 6 in Stealth
  2614 | D:2      | Found a runed door.
  2618 | D:2      | Noticed Crazy Yiuf
  2629 | D:2      | Killed Crazy Yiuf
  2629 | D:2      | Reached XP level 5. HP: 5/30 MP: 5/8
  3031 | D:3      | Found an ancient bone altar of Kikubaaqudgha.
  3032 | D:3      | Noticed a human
  3037 | D:3      | Killed a human
  3076 | D:3      | Found a faded altar of an unknown god.
  3103 | D:3      | Reached skill level 7 in Stealth
  3704 | D:3      | Noticed Ijyb
  3713 | D:3      | Reached XP level 6. HP: 27/35 MP: 9/9
  3738 | D:3      | Killed Ijyb
  3738 | D:3      | Reached skill level 8 in Stealth
  3881 | D:3      | Learned a level 3 spell: Confuse
  4101 | D:3      | Found an ancient bone altar of Kikubaaqudgha.
  4476 | D:3      | Became a worshipper of Kikubaaqudgha
  4763 | D:3      | Noticed Terence
  4801 | D:3      | Killed Terence
  4801 | D:3      | Reached skill level 1 in Hexes
  5702 | D:4      | Killed from afar by an orc wizard

Skill      XL: |  1  2  3  4  5  6 |
---------------+-------------------+-----
Stealth        | 2 3 4 6 7 8 |  8.4
Short Blades   | 3 |  3.6
Hexes          | 1 |  1.1
Fighting       | |  2.1
Throwing       | |  1.1
Armour         | |  0.7
Dodging        | |  2.4
Spellcasting   | |  2.1
Translocations | |  3.0

Action                   |  1- 3 |  4- 6 || total
-------------------------+-------+-------++-------
Melee: Dagger            |    88 |   365 ||   453
       Short sword       |     6 |       ||     6
Throw: Stone             |       |     2 ||     2
       Tomahawk          |       |     5 ||     5
 Cast: Blink             |     1 |     6 ||     7
       Lesser Beckoning  |       |     2 ||     2
       Confuse           |       |     1 ||     1
  Use: Potion            |       |     4 ||     4
 Stab: Sleeping          |     2 |     5 ||     7
  Eat: Chunk             |    10 |    19 ||    29
Armor: Leather armour    |    20 |   146 ||   166
Dodge: Dodged            |    51 |   384 ||   435
